 Dungeon Crawl Stone Soup version 0.24-a0-530-g18ba70b503 (webtiles) character file.

Game seed: 15559997509010723855

723 Peloso the Covered (level 7, -7/61 HPs)
             Began as a Minotaur Fighter on Aug 8, 2019.
             Mangled by an ogre
             ... wielding a +0 giant club
              (10 damage)
             ... on level 5 of the Dungeon.
             The game lasted 00:08:24 (4231 turns).

Peloso the Covered (Minotaur Fighter)               Turns: 4231, Time: 00:08:25

Health: -7/61      AC: 15    Str: 21    XL:     7   Next: 43%
Magic:  6/6        EV:  6    Int:  5    God:
Gold:   165        SH: 10    Dex: 11    Spells: 6/6 levels left

rFire    . . .     SeeInvis .   a - +0 long sword
rCold    . . .     Gourm    .   c - +0 shield
rNeg     . . .     Faith    .   t - +0 chain mail
rPois    .         Spirit   .   (helmet restricted)
rElec    .         Reflect  .   v - +0 cloak
rCorr    .         Harm     .   h - +0 pair of gloves
MR       .....                  j - +1 pair of boots
Stlth    ..........             (no amulet)
HPRegen  0.20/turn              (no ring)
MPRegen  0.10/turn              (no ring)

@: no status effects
A: retaliatory headbutt, horns 2
a: no special abilities


You were on level 5 of the Dungeon.
You were not hungry.

You visited 1 branch of the dungeon, and saw 5 of its levels.

You collected 165 gold pieces.

Inventory:

Hand Weapons
 a - a +0 long sword (weapon)
Armour
 b - a +0 scale mail
 c - a +0 shield (worn)
 h - a +0 pair of gloves (worn)
 j - a +1 pair of boots (worn)
 t - a +0 chain mail (worn)
 v - a +0 cloak (worn)
Wands
 k - a wand of digging (5)
Scrolls
 g - 2 scrolls of remove curse
 i - 2 scrolls of fear
 o - 3 scrolls of identify
 q - 2 scrolls of amnesia
 u - a scroll of magic mapping {unknown}
Potions
 d - 2 potions of might
 e - 3 potions of flight
 m - a potion of mutation
 n - 2 potions of degeneration {unknown}
 p - a potion of heal wounds {unknown}
 r - 2 potions of curing {unknown}
 s - 2 potions of agility {unknown}
 w - a potion of haste {unknown}
Comestibles
 f - 9 rations
 l - 2 chunks of flesh


   Skills:
 + Level 5.3 Fighting
 + Level 5.8 Long Blades
 + Level 6.2 Armour
 + Level 1.6 Dodging
 + Level 0.1 Stealth
 + Level 5.9 Shields


You had 6 spell levels left.
You didn't know any spells.
Your spell library contained the following spells:

 Spells                   Type           Power        Failure   Level  Hunger
 Sandblast                Erth           #.....       100%        1    ##.....
 Passwall                 Tmut/Erth      #.......     100%        2    ###....
 Stone Arrow              Conj/Erth      #.....       100%        3    ####...
 Petrify                  Tmut/Erth      #.......     100%        4    #####..
 Lee's Rapid Deconstruct  Erth           #.........   100%        5    ######.


Dungeon Overview and Level Annotations

Branches:
Dungeon (5/15)
 Temple: D:4-7

Altars:
Ashenzari
Cheibriados
Xom

Annotations:
D:3 1 runed translucent door, DasRunzen's ghost, amateur DsFi


Innate Abilities, Weirdness & Mutations

You reflexively headbutt those who attack you in melee.
You have a pair of horns on your head.


Message History

The ogre hits you but does no damage.
You slash the ogre! Your headbutt misses the ogre.
The ogre is heavily wounded.
The ogre hits you with a +0 giant club!
You hit the ogre but do no damage. Your headbutt misses the ogre.
The ogre is heavily wounded.
The ogre hits you with a +0 giant club!
You hit the ogre but do no damage. You headbutt the ogre!
The ogre is severely wounded.
The ogre hits you with a +0 giant club!!
* * * LOW HITPOINT WARNING * * *
You barely miss the ogre. Your headbutt misses the ogre.
The ogre is severely wounded.
You block the scorpion's attack. The ogre hits you with a +0 giant club.
* * * LOW HITPOINT WARNING * * *
You block the scorpion's attack.
You closely miss the ogre.
The ogre is severely wounded.
The ogre hits you with a +0 giant club!
You die...

#................... .
#..$.........(......
..###...................
........................
..................$.....
........................
......s...(.............
......O@.$............%.
........................
.#+##...................
#...................
.....................
........#.####...#####
.........#.. ##### #
.........#... # .. ##


You could see an ogre and a scorpion.

Vanquished Creatures
  2 ogres
  A jelly (D:5)
  2 hounds (D:4)
  An orc wizard (D:3)
  Crazy Yiuf (D:3)
  An orc priest (D:4)
  Jessica (D:3)
  An iguana (D:4)
  Ijyb (D:4)
  Terence (D:3)
  A worker ant zombie (D:5)
  7 gnolls
  5 adders
  A shadow imp (D:5)
  2 oozes (D:3)
  6 worms
  7 dart slugs
  A leopard gecko (D:3)
  13 orcs
  5 giant cockroaches
  6 goblins
  7 hobgoblins
  8 jackals (D:2)
  4 quokkas
  A ball python (D:3)
  12 bats
  6 frilled lizards
  9 kobolds
  A quokka zombie (D:5)
  6 rats
120 creatures vanquished.

Notes
Turn   | Place    | Note
-------+----------+-------------------------------------------
     0 | D:1      | Peloso the Minotaur Fighter began the quest for the Orb.
     0 | D:1      | Reached XP level 1. HP: 19/19 MP: 0/0
    79 | D:1      | Reached XP level 2. HP: 27/27 MP: 1/1
   130 | D:1      | Reached skill level 4 in Armour
   226 | D:1      | Found a shattered altar of Ashenzari.
   536 | D:2      | Reached XP level 3. HP: 33/33 MP: 2/2
   714 | D:2      | Found a snail-covered altar of Cheibriados.
   930 | D:2      | Reached XP level 4. HP: 39/40 MP: 3/3
  1378 | D:3      | Found a runed translucent door.
  1378 | D:3      | Noticed DasRunzen's ghost (amateur DsFi)
  1485 | D:3      | You fall into a shaft and drop 1 floor!
  1557 | D:3      | Reached XP level 5. HP: 16/47 MP: 4/4
  1766 | D:3      | Noticed Jessica
  1776 | D:3      | Killed Jessica
  2088 | D:3      | Reached skill level 5 in Armour
  2097 | D:3      | Found a shimmering altar of Xom.
  2293 | D:3      | Noticed Terence
  2302 | D:3      | Killed Terence
  2302 | D:3      | Reached skill level 5 in Shields
  2335 | D:3      | Reached XP level 6. HP: 52/53 MP: 5/5
  2376 | D:3      | Found a runed translucent door.
  2377 | D:3      | Noticed Crazy Yiuf
  2617 | D:3      | Killed Crazy Yiuf
  2807 | D:4      | Noticed Ijyb
  2813 | D:4      | Reached skill level 5 in Fighting
  2816 | D:4      | Killed Ijyb
  2816 | D:4      | Reached skill level 1 in Dodging
  2891 | D:4      | Reached skill level 5 in Long Blades
  3250 | D:4      | Reached XP level 7. HP: 57/61 MP: 6/6
  3889 | D:5      | Entered Level 5 of the Dungeon
  4216 | D:5      | Reached skill level 6 in Armour
  4230 | D:5      | HP: 2/61 [ogre/+0 giant club (4)]
  4231 | D:5      | Mangled by an ogre

Levels and vault maps discovered:
D:1:      saegor_arrival_under_anarchy, layout_rooms, minmay_hexomino_r4
D:2:      layout_loops_corners, lemuel_crystal_altar, first_ration
D:3:      layout_loops_ring, tgw_xom, hellmonk_ghost_happy_afterlife,
          minmay_fractal_squares_diagonal_5, uniq_terence, uniq_jessica,
          uniq_crazy_yiuf_cottage
D:4:      layout_cave_pods, uniq_ijyb
D:5:      minmay_angry_zag, layout_basic, minmay_misc_feat_four_crosses

Skill      XL: |  1  2  3  4  5  6  7 |
---------------+----------------------+-----
Armour         | 4 5 6 |  6.2
Fighting       | 4 5 |  5.3
Shields        | 4 5 |  5.9
Long Blades    | 3 4 5 |  5.8
Dodging        | 1 |  1.6
Stealth        | |  0.1

Action                   |  1- 3 |  4- 6 |  7- 9 || total
-------------------------+-------+-------+-------++-------
Melee: Long sword        |    98 |   195 |    48 ||   341
       Headbutt          |    18 |    41 |    10 ||    69
  Use: Scroll            |     5 |     5 |       ||    10
  Eat: Chunk             |       |     8 |     3 ||    11
Armor: Scale mail        |    48 |    82 |       ||   130
       Chain mail        |       |    30 |    20 ||    50
Dodge: Dodged            |    26 |    69 |    16 ||   111
Block: Shield            |    53 |   114 |    19 ||   186
       Rpst.: Long sword |    11 |    16 |     1 ||    28

Table legend:
 A = Non-vault XP
 B = Vault XP
 C = Vault XP percentage of total XP
 D = Non-vault monster count
 E = Vault monster count
 F = Vault count percentage of total count
                 A         B        C        D         E       F
            +---------+---------+-------+---------+---------+-------
      Total |     837 |     196 |  19.0 |      97 |      23 |  19.2
            +---------+---------+-------+---------+---------+-------
        D:1 |      33 |       4 |  10.8 |      17 |       2 |  10.5
        D:2 |      87 |       0 |   0.0 |      27 |       0 |   0.0
        D:3 |     146 |     156 |  51.7 |      27 |      20 |  42.6
        D:4 |     321 |      36 |  10.1 |      16 |       1 |   5.9
        D:5 |     250 |       0 |   0.0 |      10 |       0 |   0.0
            +---------+---------+-------+---------+---------+-------
